 Dungeon Crawl Stone Soup version 0.29.0-4-gdea44cf6ec (webtiles) character file.

Game seed: 5380057398136682196

10 qw the Firebug (level 2, -1/23 HPs)
             Began as a Ghoul Fire Elementalist on Aug 30, 2022.
             Slain by a rat (3 damage)
             ... on level 1 of the Dungeon.
             The game lasted 00:00:31 (512 turns).

qw the Firebug (Ghoul Fire Elementalist)             Turns: 512, Time: 00:00:32

Health: -1/23      AC:  2    Str: 11    XL:     2   Next: 20%
Magic:  3/3        EV: 12    Int: 10    God:
Gold:   49         SH:  0    Dex:  9    Spells: 3/4 levels left

rFire   . . .      SeeInvis .     - Unarmed
rCold   + . .      Faith    .   (no shield)
rNeg    + + +      Spirit   .   a - +0 robe
rPois   inf        Reflect  .   (no helmet)
rElec   .          Harm     .   (no cloak)
rCorr   .          Rampage  .   (no gloves)
Will    .....                   (no boots)
Stlth   ++........              (no amulet)
HPRegen 0.00/turn               (no ring)
MPRegen 0.08/turn               (no ring)

@: inhibited regen
A: claws 1, cold resistance 1, negative energy resistance 3, inhibited
regeneration, torment resistance 2, devour on kill
a: no special abilities


You were on level 1 of the Dungeon.
You visited 1 branch of the dungeon, and saw 1 of its levels.

You collected 49 gold pieces.


Innate Abilities, Weirdness & Mutations

You are immune to poison.
You have sharp fingernails.
Your flesh is cold resistant. (rC+)
You are immune to negative energy. (rN+++)
You do not regenerate when monsters are visible.
You are immune to unholy pain and torment.
You thrive by killing the living.


   Skills:
 - Level 1.2 Fighting
 - Level 1.7 Dodging
 - Level 2.1 Stealth
 + Level 1.3 Unarmed Combat
 - Level 1.7 Spellcasting
 - Level 0.7 Conjurations
 - Level 2.4 Fire Magic


You had 3 spell levels left.
You knew the following spells:

 Your Spells              Type           Power      Damage    Failure   Level
a - Foxfire               Conj/Fire      16%        2x1d4     17%         1

Your spell library contained the following spells:

 Spells                   Type           Power      Damage    Failure   Level
 Scorch                   Fire           10%        2d6       19%         2
 Conjure Flame            Conj/Fire      4%         6-21      45%         3
 Inner Flame              Hex/Fire       3%         N/A       52%         3
 Flame Wave               Conj/Fire      4%         2d5       86%         4

Inventory:

Armour
 a - a +0 robe (worn)
 f - a +0 leather armour
Scrolls
 e - a scroll of vulnerability {unknown}
 g - a scroll of enchant armour {unknown}
Potions
 b - a potion of magic
 c - a potion of heal wounds {unknown}
 d - a potion of mutation {unknown}

Dungeon Overview and Level Annotations

Branches:
Dungeon (1/15)

Altars:


Message History

The bat is severely wounded.
The bat misses you. The bat closely misses you.
You barely miss the bat.
The bat is severely wounded.
The bat completely misses you.
You scratch the bat.
You kill the bat!
You start resting.
HP restored.
You now have 21 gold pieces (gained 2).
You see here a hobgoblin corpse.
You now have 30 gold pieces (gained 9).
You now have 34 gold pieces (gained 4).
You see here a hobgoblin corpse.
You now have 49 gold pieces (gained 15).
g - a scroll labelled ICROGI WIRRI
Found a potion of magic.
A quokka and a rat come into view.
You closely miss the quokka. The quokka barely misses you.
The rat barely misses you.
You barely miss the quokka. The quokka barely misses you.
The rat bites you but does no damage.
You scratch the quokka but do no damage.
The quokka closely misses you. The rat bites you.
You barely miss the quokka. The quokka bites you.
You barely miss the quokka. The rat bites you. The quokka bites you.
You closely miss the quokka. The quokka barely misses you.
The rat bites you but does no damage. The quokka bites you.
You barely miss the quokka. The rat barely misses you. The quokka bites you.
You miss the quokka. The rat misses you. The quokka bites you.
You closely miss the quokka. The rat bites you. The quokka closely misses you.
You completely miss the quokka. The quokka completely misses you.
The rat bites you.
You die...
PP

P..# #.# #..## ...#...#
#.#...# PP...# #...# ##
#...## ###.#
#############...# #...#
......r@......#.# #.#.#
...#..r########.####.#..
....... #######.##%....#
....... ........#.......
..........#####..%....##
.!....... ####..)......
..........##..)........#
..........#..#####.....#
...#.## #.....#


You could see a quokka and a rat.

Vanquished Creatures
  A dart slug (D:1)
  A bat (D:1)
  A giant cockroach (D:1)
  A hobgoblin (D:1)
  2 kobolds (D:1)
  2 rats (D:1)
8 creatures vanquished.

Notes
Turn   | Place    | Note
-------+----------+-------------------------------------------
     0 | D:1      | qw the Ghoul Fire Elementalist began the quest for the Orb.
     0 | D:1      | Reached XP level 1. HP: 14/14 MP: 2/2
     0 | D:1      | 0 ||| qw: Version: 0.1-a-90-g952f4b7
     0 | D:1      | 0 ||| qw: Game counter: 4324
     0 | D:1      | 0 ||| qw: Always use a shield: true
     0 | D:1      | 0 ||| qw: God list: Okawaru
     0 | D:1      | 0 ||| qw: Allow faded altars: false
     0 | D:1      | 0 ||| qw: Do Orc after D:15 true
     0 | D:1      | 0 ||| qw: Do second Lair branch before Depths: true
     0 | D:1      | 0 ||| qw: Lair rune preference: random
     0 | D:1      | 0 ||| qw: Plans: Normal
     0 | D:1      | 0 ||| PLANNING D:1-11
   118 | D:1      | Reached skill level 1 in Unarmed Combat
   268 | D:1      | 268 ||| Stepping ~*~*~tactically~*~*~ (outnumbered).
   270 | D:1      | 270 ||| Stepping ~*~*~tactically~*~*~ (outnumbered).
   272 | D:1      | Reached skill level 1 in Fighting
   272 | D:1      | Reached XP level 2. HP: 20/23 MP: 3/3
   510 | D:1      | HP: 4/23 [quokka (3)]
   512 | D:1      | Slain by a rat

Levels and vault maps discovered:
D:1:      dpeg_arrival_tiny_h, layout_rooms, serial_shops,
          nicolae_shop_waterfront, shapermc_ecumenical_altar_mp_urbaneastern,
          minmay_tetromino_i4

Skill      XL: |  1 |
---------------+----+-----
Unarmed Combat | 1 |  1.3
Fighting       | 1 |  1.2
Dodging        | |  1.7
Stealth        | |  2.1
Spellcasting   | |  1.7
Conjurations   | |  0.7
Fire Magic     | |  2.4

Action                   || total
-------------------------++-------
Melee: Unarmed           ||    64
Armor: Robe              ||    31
Dodge: Dodged            ||    58

Table legend:
 A = Non-vault XP
 B = Vault XP
 C = Vault XP percentage of total XP
 D = Non-vault monster count
 E = Vault monster count
 F = Vault count percentage of total count
                 A         B        C        D         E       F
            +---------+---------+-------+---------+---------+-------
      Total |       6 |       9 |  60.0 |       4 |       4 |  50.0
            +---------+---------+-------+---------+---------+-------
        D:1 |       6 |       9 |  60.0 |       4 |       4 |  50.0
            +---------+---------+-------+---------+---------+-------
